 Dungeon Crawl Stone Soup version 0.31-a0-210-gccc998df9b (webtiles) character file.

Game seed: 14647938693208952904

251 123456 the Trooper (level 5, -5/48 HPs)
             Began as a Minotaur Fighter on June 30, 2023.
             Slain by an orc
             ... wielding a +0 whip of electrocution
              (13 damage)
             ... on level 4 of the Dungeon.
             The game lasted 00:03:45 (1612 turns).

123456 the Trooper (Minotaur Fighter)               Turns: 1612, Time: 00:03:46

Health: -5/48      AC:  7    Str: 22    XL:     5   Next: 88%
Magic:  4/4        EV: 10    Int:  5    God:
Gold:   59         SH:  4    Dex: 10    Spells: 4/4 levels left

rFire   . . .        a - +0 flail
rCold   . . .        c - +0 buckler
rNeg    + . .        b - +0 scale mail
rPois   .            (helmet restricted)
rElec   .            (no cloak)
rCorr   .            (no gloves)
SInv    .            (no boots)
Will    .....        (no amulet) Stlth
                     m - ring of positive energy
HPRegen 0.28/turn    (no ring)
MPRegen 0.09/turn

%: no passive effects
@: no status effects
A: horns 2, retaliatory headbutt
a: no special abilities


You were on level 4 of the Dungeon.
You visited 1 branch of the dungeon, and saw 5 of its levels.

You collected 59 gold pieces.

Inventory:

Hand Weapons
 a - a +0 flail (weapon)
Armour
 b - a +0 scale mail (worn)
 c - a +0 buckler (worn)
Jewellery
 m - a ring of positive energy (left hand)
 r - a +4 ring of protection
Scrolls
 e - a scroll of teleportation
 i - a scroll of vulnerability {unknown}
 k - a scroll of fog {unknown}
 n - a scroll of poison {unknown}
 o - a scroll of summoning {unknown}
 q - a scroll of immolation {unknown}
Potions
 d - 2 potions of might
 f - a potion of curing
 g - 2 potions of lignification {unknown}
 h - a potion of cancellation {unknown}
 j - a potion of degeneration {unknown}
 l - a potion of enlightenment {unknown}
 p - a potion of berserk rage {unknown}


   Skills:
 * Level 5.5 Fighting
 * Level 4.8 Maces & Flails
 + Level 4.5 Armour
 + Level 2.2 Dodging
 - Level 3.6 Shields


You had 4 spell levels left.
You didn't know any spells.
Your spell library was empty.

Dungeon Overview and Level Annotations

Branches:
Dungeon (5/15)
 Temple: D:4-7

Altars:
Cheibriados
Elyvilon
Vehumet
Yredelemnul
Zin
The Shining One


Innate Abilities, Weirdness & Mutations

You have a pair of horns on your head.
You reflexively headbutt those who attack you in melee.


Message History

The orc misses you. The orc hits you but does no damage. x2
You miss the orc wizard.
The orc wizard is almost dead.
The orc wizard misses you. The orc hits you but does no damage. x2
The orc misses you.
You closely miss the orc wizard.
The orc wizard is almost dead.
The orc hits you but does no damage.
The orc wizard points at you and mumbles some strange words.
You resist with some effort.
The orc hits you with a +0 whip of electrocution.
The orc closely misses you.
The orc wizard gestures at you while chanting.
The magic dart hits you. The orc barely misses you.
The orc hits you but does no damage.
You are electrocuted!!
* * * LOW HITPOINT WARNING * * *
The orc barely misses you.
Okay, then.
It was a potion of curing.
You feel better.
The orc wizard hits you with a +0 dagger.
* * * LOW HITPOINT WARNING * * *
The orc hits you but does no damage. The orc hits you with a +0 dagger.
* * * LOW HITPOINT WARNING * * *
You block the orc's attack.
Unknown command.
You closely miss the orc wizard.
The orc wizard is almost dead.
The orc hits you but does no damage. The orc hits you with a +0 dagger.
* * * LOW HITPOINT WARNING * * *
The orc wizard closely misses you. The orc barely misses you.
You furiously retaliate!
You headbutt the orc!
You kill the orc!
You hit the orc wizard but do no damage.
The orc wizard is almost dead.
The orc hits you but does no damage.
The orc wizard mumbles some strange words.
The orc wizard flickers and vanishes!
Deactivating autopickup; reactivate with Ctrl-A.
The orc hits you but does no damage.
You are electrocuted!
You die...

#.# ##.# #.# #..
#.# ### #.# # #.#
# #.# # #.#
###∩###########.#
......{@.)......#
......oo)...#####
............#
#############


You could see 2 orcs.

Vanquished Creatures
  Sigmund (D:2)
  An orc wizard (D:4)
  An adder (D:2)
  2 dart slugs (D:1)
  A worm (D:2)
  4 orcs (D:4)
  3 ball pythons (D:1)
  6 bats
  3 endoplasms
  3 giant cockroaches
  7 goblins
  3 hobgoblins
  A kobold (D:2)
  A quokka (D:1)
  A frilled lizard (D:1)
  4 rats
42 creatures vanquished.

Notes
Turn   | Place    | Note
-------+----------+-------------------------------------------
     0 | D:1      | 123456 the Minotaur Fighter began the quest for the Orb.
     0 | D:1      | Reached XP level 1. HP: 19/19 MP: 0/0
   152 | D:1      | Reached XP level 2. HP: 25/27 MP: 1/1
   184 | D:1      | Reached skill level 4 in Fighting
   690 | D:2      | Reached skill level 1 in Dodging
   690 | D:2      | Reached XP level 3. HP: 19/33 MP: 2/2
   884 | D:2      | Noticed Sigmund
   893 | D:2      | Killed Sigmund
   894 | D:2      | Reached skill level 5 in Fighting
   894 | D:2      | Reached XP level 4. HP: 42/42 MP: 3/3
   894 | D:2      | Reached XP level 5. HP: 48/48 MP: 4/4
  1316 | D:3      | Found a faded altar of an unknown god.
  1372 | D:3      | Found a snail-covered altar of Cheibriados.
  1375 | D:3      | You fall into a shaft and drop 2 floors!
  1375 | D:5      | Entered Level 5 of the Dungeon
  1404 | D:4      | Found a radiant altar of Vehumet.
  1422 | D:4      | Found a basalt altar of Yredelemnul.
  1507 | D:4      | Found a white marble altar of Elyvilon.
  1507 | D:4      | Found a glowing silver altar of Zin.
  1507 | D:4      | Found a glowing golden altar of the Shining One.
  1609 | D:4      | HP: 2/48 [orc/+0 whip of electrocution (19)]
  1612 | D:4      | Slain by an orc

Illustrated notes

Levels and vault maps discovered:
D:1:      psy_arrival_fountain, layout_loops_cross
D:2:      layout_basic, serial_curves, eino_curves_01, eino_curves_01,
          chequers_serial_rivers_micro_a, uniq_sigmund
D:3:      kennysheep_big_flooded_room, layout_rooms, cheibriados_altar_1,
          dreamdust_ecumenical_altar_angels_and_demons
D:4:      layout_loops_ring, good_gods_mini_temple, mainiacjoe_overflow_catwalk,
          mainiacjoe_overflow_24_doors, chequers_ossuary_entry_cave,
          serial_shops, shop, nicolae_shop_unique_rings
D:5:      layout_loops_ring, eat_drink_and_be_merry_uskayaw,
          overflow_temple_1_default, uniq_duvessa

Skill      XL: |  1  2  3 |
---------------+----------+-----
Fighting       | 4 5 |  5.5
Maces & Flails | 3 4 |  4.8
Dodging        | 1 2 |  2.2
Armour         | 4 |  4.5
Shields        | |  3.6

Action                     |  1- 3 |  4- 6 || total
---------------------------+-------+-------++-------
  Melee: Flail             |    63 |    41 ||   104
         Headbutt          |     8 |     5 ||    13
    Use: Scroll            |       |     1 ||     1
         Potion            |       |     1 ||     1
 Armour: Scale mail        |    45 |    31 ||    76
  Dodge: Dodged            |    32 |    29 ||    61
  Block: Buckler           |    18 |    12 ||    30

Table legend: (Time is in decaauts)
 A = Elapsed time spent in this place.
 B = Non-inter-level travel time spent in this place.
 C = Inter-level travel time spent in this place.
 D = Time resting spent in this place.
 E = Time spent auto-exploring this place.
 F = Levels seen in this place.
 G = Mean time per level.
                   A        B        C        D        E       F      G
               +--------+--------+--------+--------+--------+-----+--------+
         Total |   1637 |   1525 |    112 |      0 |   1183 |   5 |  327.4 |
       Dungeon |   1637 |   1525 |    112 |      0 |   1183 |   5 |  327.4 |
               +--------+--------+--------+--------+--------+-----+--------+

Top non-repeatable levels by time:
     D:1: 689 daAuts
     D:2: 640 daAuts
     D:4: 237 daAuts
     D:3: 67 daAuts
     D:5: 3 daAuts
